 Dungeon Crawl Stone Soup version 0.22-a0-148-gf2798f9f4d (webtiles) character file.

2980 RedPan the Magician (level 9, 0/71 HPs)
             Began as a Gnoll Skald on Feb 7, 2018.
             Was a Believer of Okawaru.
             Slain by Yosebu's ghost (10 damage)
             ... on level 8 of the Dungeon.
             The game lasted 00:21:49 (6530 turns).

RedPan the Magician (Gnoll Skald)                   Turns: 6530, Time: 00:21:49

Health: 0/71       AC: 13    Str: 16    XL:     9   Next: 83%
Magic:  9/19       EV: 16    Int: 17    God:    Okawaru [**....]
Gold:   448        SH:  0    Dex: 14    Spells: 13/21 levels left

rFire    + . .     SeeInvis .   q - +1 short sword (elec)
rCold    . . .     Gourm    .   (no shield)
rNeg     . . .     Faith    .   r - +0 scale mail
rPois    .         Spirit   .   u - +0 helmet
rElec    .         Reflect  .   t - +0 cloak
rCorr    .         Harm     .   (no gloves)
MR       .....                  h - +0 pair of boots
Stlth    +++.......             (no amulet)
HPRegen  0.21/turn              y - ring of protection from fire
MPRegen  0.16/turn              (no ring)

@: heroism, infused
A: distributed training, fangs 1, strong nose
a: Heroism, Renounce Religion


You were on level 8 of the Dungeon.
You worshipped Okawaru.
Okawaru was pleased with you.
You were not hungry.

You visited 2 branches of the dungeon, and saw 9 of its levels.

You collected 448 gold pieces.

Inventory:

Hand Weapons
 a - a +0 falchion
 q - a +1 short sword of electrocution (weapon)
 E - a +0 dagger of holy wrath
 F - a +2 mace of crushing
 H - a +0 whip of electrocution
Armour
 b - a +0 leather armour
 h - a +0 pair of boots (worn)
 r - a +0 scale mail (worn)
 t - a +0 cloak (worn)
 u - a +0 helmet (worn)
Jewellery
 y - a ring of protection from fire (left hand)
 D - an uncursed ring of fire
Wands
 x - a wand of paralysis (17)
 A - a wand of scattershot (10)
Scrolls
 g - 6 scrolls of identify
 i - 3 scrolls of remove curse
 j - a scroll of blinking {unknown}
 l - a scroll of immolation
 m - a scroll of enchant weapon
Potions
 f - a potion of invisibility
 n - a potion of haste
 o - a potion of resistance {unknown}
 v - a potion of lignification {unknown}
 z - a potion of curing {unknown}
 B - a potion of flight
 C - a potion of cancellation {unknown}
 G - a potion of might {unknown}
Books
 c - a book of Battle

   Spells                             Type                      Level
   a - Infusion                       Charms                       1
   b - Shroud of Golubria             Charms/Translocation         2
   c - Song of Slaying                Charms                       2
   d - Spectral Weapon                Hexes/Charms                 3
   e - Regeneration                   Charms/Necromancy            3
 e - a book of Misfortune

   Spells                             Type                      Level
   a - Confusing Touch                Hexes                        1
   b - Confuse                        Hexes                        3
   c - Gell's Gravitas                Translocation                3
   d - Petrify                        Transmutation/Earth          4
   e - Metabolic Englaciation         Hexes/Ice                    5
   f - Yara's Violent Unravelling     Hexes/Transmutation          5
 p - a book of Maledictions

   Spells                             Type                      Level
   a - Corona                         Hexes                        1
   b - Ensorcelled Hibernation        Hexes/Ice                    2
   c - Confuse                        Hexes                        3
   d - Tukima's Dance                 Hexes                        3
   e - Dazzling Spray                 Conjuration/Hexes            3
 w - a book of Necromancy

   Spells                             Type                      Level
   a - Pain                           Necromancy                   1
   b - Animate Skeleton               Necromancy                   1
   c - Vampiric Draining              Necromancy                   3
   d - Regeneration                   Charms/Necromancy            3
   e - Animate Dead                   Necromancy                   4
Comestibles
 d - 11 rations
 k - 2 chunks of flesh


   Skills:
 + Level 6.5(11.5) Fighting
 + Level 4.5(9.5) Short Blades
 + Level 6.5(11.5) Long Blades
 + Level 4.5(9.5) Axes
 + Level 4.5(9.5) Maces & Flails
 + Level 4.5(9.5) Polearms
 + Level 4.5(9.5) Staves
 + Level 4.5(9.5) Slings
 + Level 4.5(9.5) Bows
 + Level 4.5(9.5) Crossbows
 + Level 4.5(9.5) Throwing
 + Level 5.3(10.3) Armour
 + Level 6.5(11.5) Dodging
 + Level 4.5(9.5) Stealth
 + Level 4.5(9.5) Shields
 + Level 4.5(9.5) Unarmed Combat
 + Level 6.8 Spellcasting
 + Level 3.7 Conjurations
 + Level 3.7 Hexes
 + Level 6.7 Charms
 + Level 3.7 Summonings
 + Level 3.7 Necromancy
 + Level 3.7 Translocations
 + Level 3.7 Transmutations
 + Level 3.7 Fire Magic
 + Level 3.7 Ice Magic
 + Level 3.7 Air Magic
 + Level 3.7 Earth Magic
 + Level 3.7 Poison Magic
 + Level 5.0 Invocations
 + Level 4.5 Evocations


You had 13 spell levels left.
You knew the following spells:

 Your Spells              Type           Power        Failure   Level  Hunger
a - Infusion              Chrm           ####         1%          1    None
b - Song of Slaying       Chrm           ####....     3%          2    None
c - Shroud of Golubria    Chrm/Tloc      ###.......   6%          2    None
d - Regeneration          Chrm/Necr      ###.......   12%         3    ##.....


Dungeon Overview and Level Annotations

Branches:
Dungeon (8/15)             Temple (1/1) D:7
   Lair: D:8-11

Altars:
Ashenzari
Cheibriados
Dithmenos
Elyvilon
Fedhas
Gozag
Hepliaklqana
Kikubaaqudgha
Makhleb
Okawaru
Qazlal
Ru
Sif Muna
Trog
Uskayaw
Vehumet
Wu Jian
Xom
Yredelemnul
Zin
The Shining One

Annotations:
D:8 Erica; Yosebu's ghost, novice MfGl


Innate Abilities, Weirdness & Mutations

Your experience applies equally to all skills.
You have very sharp teeth.
Your uncanny sense of smell can sniff out nearby items.


Message History

You feel much better. Yosebu's ghost misses you.
You closely miss Yosebu's ghost.
Yosebu's ghost is almost destroyed.
You miss Yosebu's ghost.
Yosebu's ghost is almost destroyed.
Yosebu's ghost completely misses you.
You closely miss Yosebu's ghost.
You bite Yosebu's ghost, but do no damage.
Yosebu's ghost is almost destroyed.
Yosebu's ghost barely misses you.
You closely miss Yosebu's ghost.
Yosebu's ghost is almost destroyed.
You closely miss Yosebu's ghost. Your punch misses Yosebu's ghost.
Yosebu's ghost is almost destroyed.
Yosebu's ghost hits you!
You are electrocuted!
* * * LOW HITPOINT WARNING * * *
You miss Yosebu's ghost.
Yosebu's ghost is almost destroyed.
Yosebu's ghost hits you!
You die...

#.# #.# #.# #.#
#.###################.#
#.#...p......[.ppp..#.#
#.#.###############.#.#
#.#.# #.#.# #.#.# #.#.#
######.#p###############)#.#
#..............W@..........#
#.......)###############.###
.........'...... #.#
#........####### #.#
#......Wh# #.# #........#
#.# #........# #.#
####...... ∆ #. . #.....?.


You could see Yosebu's ghost.

Vanquished Creatures
  Pikel (D:8)
  The ghost of Chiseanne the Nimble, a novice SpFi of Gozag (D:7)
  A hippogriff (D:7)
  2 sky beasts
  A slave (D:8)
  An ogre (D:5)
  A phantom (D:6)
  An orc warrior (D:7)
  2 centaurs
  A bullfrog (D:7)
  3 scorpions (D:6)
  7 crimson imps
  A quasit (D:7)
  A bullfrog zombie (D:6)
  6 hounds
  4 orc priests
  5 orc wizards
  6 iguanas
  2 worker ants
  A hound skeleton (D:6)
  A worker ant zombie (D:6)
  Robin (D:3)
  6 adders
  2 shadow imps
  4 adder skeletons
  6 dart slugs
  3 leopard geckos
  16 orcs
  9 bats
  7 giant cockroaches
  15 goblins
  9 hobgoblins
  2 jackals (D:5)
  3 quokkas
  2 ball pythons
  2 frilled lizards
  11 kobolds
  2 leopard gecko skeletons
  A leopard gecko zombie (D:6)
  7 rats
157 creatures vanquished.

Vanquished Creatures (others)
  A slave (D:8)
  An ogre (D:8)
  A fungus (D:8)
3 creatures vanquished.

Grand Total: 160 creatures vanquished

Notes
Turn   | Place    | Note
-------+----------+-------------------------------------------
     0 | D:1      | RedPan the Gnoll Skald began the quest for the Orb.
     0 | D:1      | Reached XP level 1. HP: 20/20 MP: 6/6
   112 | D:1      | Reached XP level 2. HP: 14/26 MP: 7/7
   341 | D:1      | Reached XP level 3. HP: 25/31 MP: 9/9
   428 | D:1      | Reached skill level 5 in Spellcasting
   442 | D:1      | Learned a level 2 spell: Song of Slaying
   445 | D:1      | Learned a level 2 spell: Shroud of Golubria
   449 | D:1      | Learned a level 3 spell: Regeneration
   823 | D:2      | Reached skill level 1 in Invocations
   984 | D:2      | Reached skill level 1 in Short Blades
   984 | D:2      | Reached skill level 1 in Axes
   984 | D:2      | Reached skill level 1 in Maces & Flails
   984 | D:2      | Reached skill level 1 in Polearms
   984 | D:2      | Reached skill level 1 in Staves
   984 | D:2      | Reached skill level 1 in Slings
   984 | D:2      | Reached skill level 1 in Bows
   984 | D:2      | Reached skill level 1 in Crossbows
   984 | D:2      | Reached skill level 1 in Throwing
   984 | D:2      | Reached skill level 1 in Stealth
   984 | D:2      | Reached skill level 1 in Shields
   984 | D:2      | Reached skill level 1 in Unarmed Combat
   984 | D:2      | Reached skill level 1 in Evocations
  1008 | D:2      | Found a blossoming altar of Fedhas.
  1054 | D:2      | Reached XP level 4. HP: 38/38 MP: 11/11
  1458 | D:3      | Found a snail-covered altar of Cheibriados.
  1597 | D:3      | Reached skill level 1 in Conjurations
  1597 | D:3      | Reached skill level 1 in Hexes
  1597 | D:3      | Reached skill level 1 in Summonings
  1597 | D:3      | Reached skill level 1 in Necromancy
  1597 | D:3      | Reached skill level 1 in Translocations
  1597 | D:3      | Reached skill level 1 in Transmutations
  1597 | D:3      | Reached skill level 1 in Fire Magic
  1597 | D:3      | Reached skill level 1 in Ice Magic
  1597 | D:3      | Reached skill level 1 in Air Magic
  1597 | D:3      | Reached skill level 1 in Earth Magic
  1597 | D:3      | Reached skill level 1 in Poison Magic
  1612 | D:3      | Reached XP level 5. HP: 17/43 MP: 0/12
  1633 | D:3      | Noticed Robin
  2006 | D:3      | Killed Robin
  2284 | D:3      | Reached XP level 6. HP: 35/50 MP: 6/13
  2728 | D:4      | Reached skill level 5 in Fighting
  2728 | D:4      | Reached skill level 5 in Long Blades
  2728 | D:4      | Reached skill level 5 in Dodging
  3256 | D:5      | Entered Level 5 of the Dungeon
  3262 | D:5      | Reached XP level 7. HP: 56/56 MP: 15/15
  3985 | D:5      | Found an ancient bone altar of Kikubaaqudgha.
  3985 | D:5      | Found an iron altar of Okawaru.
  3989 | D:5      | Became a worshipper of Warmaster Okawaru
  4228 | D:5      | Reached XP level 8. HP: 61/63 MP: 16/16
  4834 | D:6      | Reached * piety under Okawaru
  5138 | D:7      | Found an iron altar of Okawaru.
  5214 | D:7      | Noticed Chiseanne's ghost (novice SpFi)
  5231 | D:7      | Killed Chiseanne's ghost
  5231 | D:7      | Reached XP level 9. HP: 57/69 MP: 9/18
  5280 | D:7      | Found a staircase to the Ecumenical Temple.
  5298 | Temple   | Entered the Ecumenical Temple
  5996 | D:7      | Reached ** piety under Okawaru
  5996 | D:7      | Reached skill level 5 in Armour
  6250 | D:8      | Got a scorched helmet
  6261 | D:8      | Identified the cursed +0 helmet of the Zebra {*Slow rN+ Stlth+} (You found it on level 8 of the Dungeon)
  6364 | D:8      | Noticed Erica
  6449 | D:8      | Noticed Pikel
  6462 | D:8      | Killed Pikel
  6462 | D:8      | Reached skill level 5 in Invocations
  6484 | D:8      | Noticed Yosebu's ghost (novice MfGl)
  6530 | D:8      | Slain by Yosebu's ghost

Vault maps used:
D:1:      evilmike_arrival_rings
D:2:      fedhas_altar_3
D:3:      lemuel_upstairs_altar, lemuel_crystal_altar, uniq_robin
D:4:      first_ration, serial_bayou_lagoon_b
D:5:      gammafunk_temple_overflow_elements, glass_columns_b
D:7:      minmay_temple_entry_statues_pillars, basic_altar
D:8:      lemuel_crystal_altar, david_lair_generic, enter_ossuary_3, uniq_erica,
          uniq_pikel
Temple:   dpeg_five_rooms_temple

Skill      XL: |  1  2  3  4  5  6  7  8  9 |
---------------+----------------------------+-----
Spellcasting   | 5 6 |  6.8
Invocations    | 1 2 3 4 5 |  5.0
Short Blades   | 1 2 3 4 |  4.5
Axes           | 1 2 3 4 |  4.5
Maces & Flails | 1 2 3 4 |  4.5
Polearms       | 1 2 3 4 |  4.5
Staves         | 1 2 3 4 |  4.5
Slings         | 1 2 3 4 |  4.5
Bows           | 1 2 3 4 |  4.5
Crossbows      | 1 2 3 4 |  4.5
Throwing       | 1 2 3 4 |  4.5
Stealth        | 1 2 3 4 |  4.5
Shields        | 1 2 3 4 |  4.5
Unarmed Combat | 1 2 3 4 |  4.5
Evocations     | 1 2 3 4 |  4.5
Conjurations   | 1 2 3 |  3.7
Hexes          | 1 2 3 |  3.7
Summonings     | 1 2 3 |  3.7
Necromancy     | 1 2 3 |  3.7
Translocations | 1 2 3 |  3.7
Transmutations | 1 2 3 |  3.7
Fire Magic     | 1 2 3 |  3.7
Ice Magic      | 1 2 3 |  3.7
Air Magic      | 1 2 3 |  3.7
Earth Magic    | 1 2 3 |  3.7
Poison Magic   | 1 2 3 |  3.7
Armour         | 3 4 5 |  5.3
Fighting       | 5 6 |  6.5
Long Blades    | 5 6 |  6.5
Dodging        | 5 6 |  6.5
Charms         | 6 |  6.7

Action                   |  1- 3 |  4- 6 |  7- 9 || total
-------------------------+-------+-------+-------++-------
Melee: Falchion          |   104 |    85 |       ||   189
       Bite              |     5 |    21 |    24 ||    50
       Punch             |     1 |       |     2 ||     3
       Short sword       |       |   103 |   288 ||   391
       Mace              |       |       |    21 ||    21
 Cast: Infusion          |     2 |     4 |     9 ||    15
       Shroud of Golubri |     1 |     7 |    13 ||    21
       Regeneration      |       |     1 |       ||     1
       Song of Slaying   |       |     2 |     2 ||     4
Invok: Heroism           |       |       |     4 ||     4
  Use: Scroll            |       |     2 |    11 ||    13
       Potion            |       |       |     4 ||     4
 Stab: Sleeping          |     1 |     2 |       ||     3
  Eat: Chunk             |     1 |     4 |     4 ||     9
       Ration            |       |     1 |     2 ||     3
Armor: Leather armour    |    24 |     3 |       ||    27
       Scale mail        |       |    82 |   142 ||   224
Dodge: Dodged            |    78 |   133 |   171 ||   382
       Rpst.: Falchion   |    23 |    19 |       ||    42

Table legend:
 A = Spawn XP
 B = Non-spawn XP
 C = Spawn XP percentage of total XP
 D = Spawn monster count
 E = Non-spawn monster count
 F = Spawn count percentage of total count
 G = Total turns spent on level
                    A         B        C        D         E        F      G
               +---------+---------+-------+---------+---------+-------+---------
         Total |       0 |    4258 |   0.0 |       0 |     156 |   0.0 |  6530
               +---------+---------+-------+---------+---------+-------+---------
           D:1 |       0 |      41 |   0.0 |       0 |      22 |   0.0 |   712
           D:2 |       0 |      43 |   0.0 |       0 |      16 |   0.0 |   819
           D:3 |       0 |     283 |   0.0 |       0 |      45 |   0.0 |  1148
           D:4 |       0 |     236 |   0.0 |       0 |      15 |   0.0 |   695
           D:5 |       0 |     614 |   0.0 |       0 |      16 |   0.0 |   934
           D:6 |       0 |     804 |   0.0 |       0 |      14 |   0.0 |   747
           D:7 |       0 |    1409 |   0.0 |       0 |      21 |   0.0 |   929
           D:8 |       0 |     828 |   0.0 |       0 |       7 |   0.0 |   307
               +---------+---------+-------+---------+---------+-------+---------
